AoeStats
← Kitiastri

Arena

504580272Analyzed
1v1 RM · 26d ago on Sep 5, 2026· 26m 44s· 2 players
Game mode
Random Map
Map size
Tiny (2 player)
Population
200
Speed
Normal
Resources
Standard
Victory
Conquest
Starting age
Dark Age
Ending age
Imperial Age
RankedLock teamsTeams togetherTeam positionsShared explorationLock speedFull tech treeHidden civsTurbo modeCheats
Victory
Defeat
🇬🇧 Portuguese · United Kingdom
1493
+11
🇬🇧 Slavs · United Kingdom
1383
-11
Kitiastri
10:37 Feudal Age
11:46 Double-Bit Axe
14:28 Castle Age
12:27 Horse Collar
15:23 Bow Saw
15:14 Heavy Plow
16:54 Loom
20:23 Town Watch
22:26 Fletching
23:34 Scale Barding Armor
23:39 Forging
23:36 Scale Barding Armor
23:57 Bloodlines
23:47 Husbandry
samlky
11:52 Feudal Age
12:31 Horse Collar
15:32 Castle Age
13:48 Double-Bit Axe
13:36 Man-at-Arms
15:13 Scale Mail Armor
15:39 Long Swordsman
18:34 Chain Mail Armor
22:08 Forging
24:42 Iron Casting
Connection lost

Rejoining the realm…

Still unreachable

The connection could not be restored.

Session expired

The server has moved on; the page needs a fresh start.